 Dungeon Crawl Stone Soup version 0.29.0-13-gc9e81de378 (webtiles) character file.

Game seed: 2088924710178396099

764 ILmort the Conjurer (level 7, 0/57 HPs)
             Began as a Yellow Draconian Conjurer on Sept 9, 2022.
             Slain by Menkaure (9 damage)
             ... on level 6 of the Dungeon.
             The game lasted 00:17:22 (5230 turns).

ILmort the Conjurer (Yellow Draconian Conjurer)     Turns: 5230, Time: 00:17:23

Health: 0/57       AC:  7    Str:  9    XL:     7   Next: 51%
Magic:  9/13       EV: 12    Int: 21    God:
Gold:   62         SH:  0    Dex:  9    Spells: 13/14 levels left

rFire   . . .      SeeInvis .   l - +2 hand axe (vorpal)
rCold   . . .      Faith    .   (no shield)
rNeg    . . .      Spirit   .   (body armour unavailable)
rPois   .          Reflect  .   (helmet restricted)
rElec   .          Harm     .   d - +0 cloak
rCorr   +          Rampage  .   (no gloves)
Will    .....                   (no boots)
Stlth   +.........              (no amulet)
HPRegen 0.19/turn               (no ring)
MPRegen 0.13/turn               (no ring)

@: silenced
A: spit acid, AC +6, unfitting armour, cold-blooded, acid resistance
a: Breathe Acid


You were on level 6 of the Dungeon.
You visited 1 branch of the dungeon, and saw 6 of its levels.

You collected 274 gold pieces.
You spent 212 gold pieces at shops.

Inventory:

Hand Weapons
 e - a +0 club
 f - a +0 short sword
 l - a +2 vorpal hand axe (weapon)
Missiles
 g - 13 poisoned darts
 p - 6 javelins
Armour
 d - a +0 cloak (worn)
Jewellery
 r - a ring of fire
Wands
 m - a wand of charming (9)
Scrolls
 i - a scroll of enchant weapon {unknown}
 j - a scroll of identify
 k - 2 scrolls of fog
 o - a scroll of silence
 s - a scroll of enchant armour
Potions
 a - a potion of magic
 b - 2 potions of might {unknown}
 c - 3 potions of curing
 h - a potion of resistance {unknown}
 n - a potion of heal wounds {unknown}
 q - a potion of attraction {unknown}
 u - 2 potions of haste {unknown}
 v - a potion of flight {unknown}
Miscellaneous
 t - a lightning rod (inert)


   Skills:
 + Level 3.1 Fighting
 - Level 1.7 Dodging
 - Level 1.7 Stealth
 + Level 4.2 Spellcasting
 * Level 7.2 Conjurations
 + Level 2.4 Evocations


You had 13 spell levels left.
You knew the following spells:

 Your Spells              Type           Power      Damage    Failure   Level
a - Magic Dart            Conj           100%       1d8       1%          1

Your spell library contained the following spells:

 Spells                   Type           Power      Damage    Failure   Level
 Searing Ray              Conj           68%        2d6       1%          2
 Dazzling Flash           Conj/Hex       38%        N/A       8%          3
 Fulminant Prism          Conj/Hex       9%         3d7       26%         4
 Iskenderun's Mystic Bla  Conj/Tloc      19%        2d6       26%         4


Dungeon Overview and Level Annotations

Branches:
Dungeon (6/15)             Temple (0/1) D:5

Altars:
Trog

Annotations:
D:3 exclusion: downstairs
D:4 Sigmund, Sigmund
D:5 Pikel
D:6 Maggie, Menkaure


Innate Abilities, Weirdness & Mutations

You can spit globs of acid.
Your golden yellow scales are hard. (AC +6)
You cannot fit into any form of body armour.
You are cold-blooded and may be slowed by cold attacks.
You are resistant to acid. (rCorr)


Message History

Level annotation: Maggie The orc warrior misses you.
There is a stone staircase leading up here.
As you read the scroll of silence, it crumbles to dust.
A profound silence engulfs you. The orc warrior closely misses you.
Menkaure closely misses you.
The orc warrior attacks as you move away!
The orc warrior closely misses you.
You barely miss Menkaure. You hit the orc warrior. Menkaure hits you!
The orc warrior hits you with a +0 dire flail!
* * * LOW HITPOINT WARNING * * *
You barely miss Menkaure.
You tail-slap Menkaure, but do no damage.
You barely miss the orc warrior. Menkaure closely misses you.
The orc warrior barely misses you.
You hit Menkaure. You punch Menkaure, but do no damage.
You hit the orc warrior.
The orc warrior hits you with a +0 dire flail!
* * * LOW HITPOINT WARNING * * *
Menkaure misses you.
You cannot cast spells when silenced!
You feel better. The orc warrior misses you. Menkaure closely misses you.
Okay, then.
Aiming: Thunderbolt
Aim: an orc warrior, wielding a +0 dire flail and wearing a +0 plate armour (silenced, moderately wounded)
The thunderbolt hits the orc warrior.
The orc warrior closely misses you. Menkaure hits you but does no damage.
Aiming: Thunderbolt
Aim: Menkaure (silenced, moderately damaged)
The thunderbolt hits the orc warrior.
The thunderbolt hits Menkaure!
The lightning rod overheats!
The orc warrior hits you with a +0 dire flail.
* * * LOW HITPOINT WARNING * * *
Menkaure hits you.
* * * LOW HITPOINT WARNING * * *
Aiming: Charm
Aim: an orc warrior, wielding a +0 dire flail and wearing a +0 plate armour (silenced, severely wounded, chance to affect: 55%)
The orc warrior resists with significant effort.
The orc warrior barely misses you. Menkaure hits you!
You die...

#############
#........ ..####
#####.####..# #....
#.....)o@#..###..###
#.###.##M#..#......#
# #.#
#.##.#..#.#..#.##.#
#o#
#.........#..#.##.#
###.#
######............#
###...#
######.......#
#...#.# #.##.##.#
##.##### #.##.##.###
#..# #.##..#.##.


You could see an orc warrior and Menkaure.

Vanquished Creatures
  Eustachio (D:6)
  A water moccasin (D:6)
  An ogre (D:6)
  A necrophage (D:2)
  A jelly (D:4)
  An orc priest (D:5)
  2 iguanas (D:5)
  2 orc wizards
  6 adders
  2 gnolls
  A white imp (D:6)
  4 worms
  5 dart slugs
  9 orcs
  8 ball pythons
  7 endoplasms
  9 giant cockroaches
  14 goblins
  5 hobgoblins
  4 jackals (D:1)
  9 kobolds
  7 quokkas
  2 bats (D:3)
  3 frilled lizards
  3 rats
108 creatures vanquished.

Notes
Turn   | Place    | Note
-------+----------+-------------------------------------------
     0 | D:1      | ILmort the Draconian Conjurer began the quest for the Orb.
     0 | D:1      | Reached XP level 1. HP: 14/14 MP: 3/3
   300 | D:1      | Reached XP level 2. HP: 20/20 MP: 1/5
   623 | D:1      | Reached XP level 3. HP: 26/26 MP: 2/6
   723 | D:1      | Found a faded altar of an unknown god.
  1072 | D:1      | Reached skill level 5 in Conjurations
  1382 | D:2      | Noticed a necrophage
  1389 | D:2      | Killed a necrophage
  1390 | D:2      | Reached XP level 4. HP: 33/33 MP: 0/8
  1543 | D:2      | Reached XP level 5. HP: 38/38 MP: 5/9
  2556 | D:3      | Reached skill level 1 in Fighting
  2921 | D:3      | Reached skill level 6 in Conjurations
  3633 | D:4      | Noticed Sigmund
  3783 | D:4      | Found Wacweos's CLEARANCE SALE!.
  3795 | D:4      | Bought a scroll of enchant armour for 30 gold pieces
  3795 | D:4      | Bought a lightning rod (4/4) for 120 gold pieces
  3795 | D:4      | Bought a scroll of silence for 38 gold pieces
  3795 | D:4      | Bought 2 potions of curing for 24 gold pieces
  3853 | D:5      | Entered Level 5 of the Dungeon
  3934 | D:5      | Reached XP level 6. HP: 19/47 MP: 2/11
  4455 | D:5      | Reached skill level 1 in Evocations
  4494 | D:5      | HP: 2/48 [iguana (7)]
  4495 | D:5      | Noticed Pikel
  4794 | D:6      | Noticed Eustachio
  4809 | D:6      | Noticed Maggie
  4823 | D:6      | Noticed a water moccasin
  4828 | D:6      | Killed a water moccasin
  4875 | D:6      | Killed Eustachio
  4876 | D:6      | Reached skill level 7 in Conjurations
  4876 | D:6      | Your scales start taking on a golden yellow colour.
  4876 | D:6      | Reached XP level 7. HP: 42/56 MP: 11/13
  4876 | D:6      | Gained mutation: You are resistant to acid. (rCorr) [Yellow
                  | Draconian growth]
  5219 | D:5      | Noticed Menkaure
  5219 | D:5      | Found a staircase to the Ecumenical Temple.
  5219 | D:5      | Found a bloodstained altar of Trog.
  5230 | D:6      | Slain by Menkaure

Illustrated notes

Levels and vault maps discovered:
D:1:      lightli_arrival_lavapool, layout_basic,
          dreamdust_ecumenical_altar_statues, fountainhead
D:2:      layout_loops_ring
D:3:      layout_loops_corners, wander_ebering_terrifying_dragon_lair
D:4:      layout_rooms, nzn_hepliaklqana_mist_gate, nicolae_shop_clearance,
          uniq_sigmund
D:5:      layout_rooms, mainiacjoe_overflow_catwalk,
          minmay_temple_entry_overgrown, serial_shops,
          nicolae_shop_bloodbath_and_beyond, minmay_misc_feat_roman,
          uniq_menkaure, uniq_pikel
D:6:      layout_loops_cross, grunt_ministairs_12,
          nicolae_shop_i_like_big_books, uniq_eustachio, uniq_maggie

Skill      XL: |  1  2  3  4  5  6  7 |
---------------+----------------------+-----
Conjurations   | 5 6 7 |  7.2
Spellcasting   | 3 4 |  4.2
Fighting       | 1 2 3 |  3.1
Evocations     | 2 |  2.4
Dodging        | |  1.7
Stealth        | |  1.7

Action                   |  1- 3 |  4- 6 |  7- 9 || total
-------------------------+-------+-------+-------++-------
Melee: Unarmed           |    28 |       |       ||    28
       Tailslap          |     5 |     3 |     1 ||     9
       Short sword       |    35 |    16 |       ||    51
       Club              |     4 |       |       ||     4
       Hand axe          |       |    33 |     7 ||    40
       Punch             |       |     1 |     1 ||     2
 Cast: Magic Dart        |    71 |   148 |    14 ||   233
Evoke: Lightning rod     |       |     4 |     3 ||     7
       Wand              |       |       |     1 ||     1
  Use: Scroll            |       |     5 |     1 ||     6
       Potion            |       |     3 |     1 ||     4
 Stab: Sleeping          |       |     1 |       ||     1
Armor: Skin              |    24 |    17 |     4 ||    45
Dodge: Dodged            |    65 |    50 |    14 ||   129
